 Dungeon Crawl Stone Soup version 0.31.0-11-ge490571c62 (webtiles) character file.

Game seed: 15279726043501353660

182 sanka the Cudgeller (level 5, -5/46 HPs)
             Began as a Minotaur Fighter on Feb 1, 2024.
             Slain by a gnoll
             ... wielding a +0 halberd
              (9 damage)
             ... on level 3 of the Dungeon.
             The game lasted 00:02:16 (1902 turns).

sanka the Cudgeller (Minotaur Fighter)              Turns: 1902, Time: 00:02:17

Health: -5/46      AC: 11    Str: 20    XL:     5   Next: 34%
Magic:  4/4        EV:  5    Int:  5    God:
Gold:   128        SH:  4    Dex: 12    Spells: 4/4 levels left

rFire   . . .        a - +1 flail (holy)
rCold   . . .        c - +0 buckler
rNeg    . . .        m - +0 plate armour
rPois   .            (helmet restricted)
rElec   .            (no cloak)
rCorr   .            (no gloves)
SInv    .            (no boots)
Will    .....        (no amulet) Stlth
                     (no ring)
HPRegen 0.27/turn    (no ring)
MPRegen 0.09/turn

%: no passive effects
@: no status effects
A: horns 2, retaliatory headbutt
a: no special abilities


You were on level 3 of the Dungeon.
You visited 1 branch of the dungeon, and saw 3 of its levels.

You collected 128 gold pieces.


Innate Abilities, Weirdness & Mutations

You have a pair of horns on your head.
You reflexively headbutt those who attack you in melee.


   Skills:
 - Level 4.0 Fighting
 + Level 6.6 Maces & Flails
 - Level 3.6 Armour
 - Level 3.6 Shields


You had 4 spell levels left.
You didn't know any spells.
Your spell library was empty.

Inventory:

Hand Weapons
 a - a +1 flail of holy wrath (weapon)
 h - a +1 hand axe of flaming
Armour
 c - a +0 buckler (worn)
 m - a +0 plate armour (worn)
Scrolls
 e - 3 scrolls of identify {unknown}
 f - 3 scrolls of teleportation {unknown}
 j - a scroll of amnesia {unknown}
 l - a scroll of immolation {unknown}
Potions
 d - a potion of might
 g - 2 potions of lignification {unknown}
 i - 2 potions of invisibility {unknown}
 k - a potion of attraction {unknown}

Dungeon Overview and Level Annotations

Branches:
Dungeon (3/15)

Altars:

Shops:
D:2 * D:3

:
▒▒▒.......▒▒.....▒.
.........▒........
▒▒▒....:.).........
.<.................
▒......:.........
▒..g.$...?......
▒.▒g▒▒▒.........
▒.▒▒▒.........
▒▒H)........... ▒
▒...▒▒▒▒.....▒.
....▒▒▒..▒▒ ▒▒▒▒▒▒
▒...†..▒ ....▒▒▒▒.▒
.. ▒.▒ ▒▒▒▒.▒
▒....▒ ▒▒.▒▒▒▒


You could see 2 gnolls.


Message History

You block the gnoll's attack. The gnoll hits you with a +0 halberd.
The gnoll hits you but does no damage.
You hit the gnoll.
The gnoll is moderately wounded.
The gnoll closely misses you. The gnoll hits you with a +0 halberd!
The gnoll hits you from afar with a +0 spear.
* * * LOW HITPOINT WARNING * * *
Unknown command.
You hit the gnoll but do no damage. You headbutt the gnoll!
The gnoll is almost dead.
The gnoll hits you with a +0 club.
* * * LOW HITPOINT WARNING * * *
The gnoll barely misses you. You furiously retaliate!
You headbutt the gnoll!
The gnoll hits you from afar with a +0 spear.
* * * LOW HITPOINT WARNING * * *
The gnoll hits you but does no damage.
You hit the gnoll.
You kill the gnoll!
The gnoll hits you with a +0 halberd.
* * * LOW HITPOINT WARNING * * *
The gnoll hits you from afar with a +0 spear!
* * * LOW HITPOINT WARNING * * *
Unknown command.
The gnoll hits you from afar with a +0 halberd!
You die...

Action                     |  1- 3 |  4- 6 || total
---------------------------+-------+-------++-------
  Melee: Flail             |    47 |    75 ||   122
         Headbutt          |     7 |    13 ||    20
 Armour: Scale mail        |    21 |    28 ||    49
         Plate armour      |       |    31 ||    31
  Dodge: Dodged            |    16 |    30 ||    46
  Block: Buckler           |    13 |    19 ||    32

Levels and vault maps discovered:
D:1:      eino_arrival_druids_welcome, layout_loops_cross, nrook_campfire,
          minmay_misc_feat_more_columns, moated_statue
D:2:      cheibrodos_pilgrimage, layout_basic, serial_shops,
          nicolae_shop_pleasant_corner_grove
D:3:      layout_rooms, grunt_ministairs_9, nicolae_shop_vocational

Notes
Turn   | Place    | Note
-------+----------+-------------------------------------------
     0 | D:1      | sanka the Minotaur Fighter began the quest for the Orb.
     0 | D:1      | Reached XP level 1. HP: 19/19 MP: 0/0
   296 | D:1      | Reached skill level 4 in Fighting
   296 | D:1      | Reached skill level 3 in Maces & Flails
   296 | D:1      | Reached XP level 2. HP: 27/27 MP: 1/1
   669 | D:2      | Reached skill level 4 in Maces & Flails
   669 | D:2      | Reached XP level 3. HP: 10/33 MP: 2/2
   769 | D:2      | Found Sasin's Assorted Antiques.
   857 | D:2      | Reached skill level 5 in Maces & Flails
   857 | D:2      | Reached XP level 4. HP: 23/40 MP: 3/3
  1761 | D:3      | Found Azeclimp's Vocational Training.
  1766 | D:2      | Reached skill level 6 in Maces & Flails
  1772 | D:2      | Reached XP level 5. HP: 40/46 MP: 4/4
  1901 | D:3      | HP: 4/46 [gnoll/+0 spear (7)]
  1902 | D:3      | Slain by a gnoll

Vanquished Creatures
  An orc priest (D:2)
  8 gnolls
  An adder (D:2)
  3 dart slugs
  2 ribbon worms
  2 orcs (D:2)
  2 bats
  3 endoplasms
  3 goblins
  2 hobgoblins (D:1)
  8 jackals
  3 quokkas
  3 ball pythons
  3 frilled lizards
  5 kobolds
  6 rats
55 creatures vanquished.
